Map: Thunderbird LE

Players

KeeN - Winner!

  • Race: Terran Terran
  • League: Master
  • Spawn Location: 11:00

TSGSolar (Solar)

  • Race: Zerg Zerg
  • Spawn Location: 5:00

VOD

Have the link to the VOD?

Description

Time

  • Played on: June 18, 2019, 8:35 a.m.
  • Length: 19:44
Show
View Real Time Build Order
Export as new Build Order

KeeN Terran - Winner!

Build Orders: Liberator Opening, Reaper Expand 

Get SALT Encoding   

  12  0:00  SCV  
  13  0:12  SCV  
  14  0:17  Supply Depot  
  14  0:25  SCV  
  15  0:39  SCV  
  15  0:40  Barracks  
  16  0:44  Refinery  
  16  0:51  SCV  
  17  1:03  SCV  
  18  1:15  SCV  
  19  1:27  Orbital Command  
  19  1:28  Reaper  
  20  1:39  Command Center  
  20  1:49  Supply Depot  
  20  1:53  SCV  
  21  1:59  Marine  
  22  2:04  Factory  
  22  2:08  SCV  
  23  2:15  Refinery  
  23  2:20  SCV  
  23  2:21  Barracks Reactor  
  24  2:33  SCV  
  25  2:45  SCV  
  25  2:50  Starport  
  26  2:52  Orbital Command  
  26  2:57  SCV  
  27  3:01  Hellion x2  
  31  3:09  SCV, Liberator  
  32  3:17  SCV  
  33  3:21  SCV  
  37  3:28  Hellion x2  
  37  3:30  SCV  
  37  3:33  Supply Depot, SCV  
  43  3:39  Barracks Tech Lab  
  43  3:43  SCV  
  43  3:45  SCV  
  49  3:55  Hellion x2  
  49  3:56  SCV  
  49  3:57  SCV, Supply Depot  
  49  4:01  Liberator  
  51  4:08  SCV  
  53  4:10  SCV  
  53  4:16  Command Center  
  53  4:18  Marine  
  53  4:21  Stimpack  
  53  4:22  SCV x2  
  58  4:25  Supply Depot  
  58  4:32  Factory Tech Lab  
  58  4:34  SCV x2  
  58  4:38  Barracks  
  60  4:44  Barracks  
  60  4:46  SCV x2  
  60  4:48  Refinery, Marine  
  60  4:49  Refinery  
  63  4:57  Siege Tank  
  63  4:58  SCV x2  
  68  5:01  Supply Depot  
  68  5:06  Marine  
  69  5:10  SCV  
  70  5:20  Engineering Bay  
  70  5:21  Engineering Bay  
  70  5:22  SCV  
  70  5:23  Starport Reactor, Supply Depot  
  70  5:24  Supply Depot  
  70  5:25  SCV  
  72  5:30  Orbital Command  
  72  5:31  Barracks Reactor, Marine  
  72  5:32  Marine  
  72  5:34  SCV  
  75  5:37  SCV  
  75  5:40  Marine  
  77  5:47  SCV  
  77  5:48  Terran Infantry Armor Level 1, Terran Infantry Weapons Level 1  
  77  5:49  SCV  
  79  5:55  Marine x2  
  81  5:58  SCV  
  81  5:59  SCV  
  81  6:02  SCV  
  84  6:05  Refinery  
  84  6:06  Barracks x2  
  84  6:10  SCV  
  84  6:11  Siege Tank, SCV  
  86  6:14  SCV  
  87  6:19  Supply Depot, Medivac x2  
  87  6:21  Marine x3  
  87  6:22  Marine  
  87  6:24  SCV  
  93  6:26  SCV x2  
  95  6:37  SCV  
  95  6:38  SCV, Supply Depot x2  
  95  6:39  Marine x2, SCV  
  99  6:44  Supply Depot  
  100  6:48  Siege Tank  
  100  6:49  SCV  
  100  6:50  SCV  
  100  6:52  SCV  
  100  6:53  Barracks Reactor  
  106  6:54  Barracks Reactor  
  106  6:55  Marine x3  
  106  6:58  Medivac  
  106  7:00  Armory  
  106  7:01  SCV  
  112  7:02  SCV  
  112  7:05  Marine  
  112  7:06  Marine  
  115  7:09  Supply Depot  
  115  7:10  Factory  
  115  7:13  Marine x2, Medivac  
  119  7:16  Marine  
  120  7:23  Marine x2, Combat Shield  
  120  7:29  Siege Tank  
  125  7:31  Marine x6  
  125  7:34  Marine  
  125  7:35  Refinery  
  132  7:41  Marine  
  133  7:50  Command Center  
  133  7:52  SCV x3  
  133  7:54  Barracks x2  
  133  7:55  Barracks  
  133  7:56  Factory Tech Lab  
  136  7:59  Terran Infantry Weapons Level 2, Terran Infantry Armor Level 2  
  136  8:01  Terran Vehicle Weapons Level 1  
  136  8:08  Marine  
  136  8:09  Marine x6  
  143  8:14  Siege Tank  
  143  8:17  SCV x2  
  143  8:18  SCV  
  149  8:24  Supply Depot x2  
  148  8:43  Supply Depot  
  148  8:44  Command Center  
  148  8:45  Siege Tank, Medivac x2  
  148  8:46  Supply Depot  
  155  8:48  Siege Tank  
  155  8:52  Marine x3, Marauder  
  161  9:07  Marine, Barracks Tech Lab x2  
  161  9:08  Marine x4, Barracks Tech Lab  
  154  9:12  Marine x2  
  154  9:14  Marauder  
  154  9:15  Medivac x2  
  162  9:23  Marine  
  163  9:25  Marine  
  163  9:27  Marine x2, Marauder  
  163  9:28  Marine x2, Marauder x2  
  163  9:30  Marine  
  163  9:34  Siege Tank  
  163  9:35  Marine, Marauder  
  167  9:40  Concussive Shells  
  167  9:41  Marine  
  167  9:43  Marine  
  168  9:45  Planetary Fortress  
  168  9:48  Marauder  
  168  9:49  Marauder  
  168  9:50  Marauder  
  174  10:00  Marauder  
  174  10:02  Medivac x2  
  174  10:04  Marine x2  
  174  10:07  Ghost Academy, Terran Vehicle And Ship Armor Level 1  
  179  10:10  Marauder  
  179  10:11  Marauder  
  179  10:12  Fusion Core  
  179  10:13  Marine x2  
  179  10:14  Starport  
  181  10:16  Starport  
  178  10:26  Refinery x2, Marauder x2  
  178  10:27  Sensor Tower  
  182  10:28  Terran Infantry Weapons Level 3  
  182  10:31  Marauder  
  184  10:39  Marine x3  
  184  10:42  Medivac x2  
  191  10:46  Marine x2  
  198  10:57  Marauder x3  
  198  10:59  Marine x2  
  200  11:06  Terran Infantry Armor Level 3  
  200  11:08  Starport Tech Lab  
  200  11:09  Starport Reactor  
  199  11:20  Marine  
  196  11:36  Command Center  
  196  11:38  Command Center  
  196  11:39  Command Center, Barracks  
  194  11:40  Barracks  
  194  11:42  Barracks, Ghost x2  
  194  11:43  Ghost  
  200  11:53  Ghost  
  196  12:08  Marine  
  196  12:09  Marine  
  196  12:11  Ghost  
  196  12:13  Planetary Fortress  
  196  12:15  Advanced Ballistics  
  198  12:23  Liberator x2  
  198  12:24  Liberator  
  193  12:31  Ghost x3  
  193  12:32  Marine x2  
  193  12:35  Ghost Academy, Nuke  
  193  12:36  Ghost Academy  
  198  12:48  Marine x3  
  198  12:49  Marine x2  
  197  12:57  Marine x3  
  197  12:58  Marine  
  193  12:59  Ghost x2  
  193  13:03  Marine  
  193  13:04  Refinery x2  
  192  13:06  Marine  
  192  13:07  Missile Turret  
  192  13:08  Sensor Tower  
  192  13:11  Orbital Command x2  
  193  13:17  Barracks Reactor, Barracks Tech Lab x2  
  193  13:18  Personal Cloaking  
  193  13:32  Ghost x3  
  193  13:33  Marine x3  
  199  13:39  Ghost  
  198  13:43  Terran Vehicle And Ship Armor Level 2  
  186  13:55  Ghost  
  186  13:56  Marine x2, Ghost  
  192  14:07  Neosteel Armor  
  192  14:10  Armory  
  190  14:21  Marine x4  
  194  14:26  Nuke x2  
  194  14:32  Marine, Ghost  
  194  14:37  Marine x3, Command Center, Ghost  
  193  14:39  Command Center  
  193  14:42  Marine  
  193  14:43  Marine x4  
  193  14:44  Nuke  
  189  14:56  Ghost  
  189  14:57  Marine x2  
  189  15:00  Marine x5  
  189  15:01  Ghost  
  189  15:02  Marine x3  
  199  15:10  Liberator x4  
  187  15:28  Marine, Ghost  
  177  15:40  Ghost x2  
  177  15:41  Marine x6  
  177  15:42  Marine x5, Liberator  
  184  15:43  Marine  
  184  15:47  Planetary Fortress  
  181  15:53  Liberator  
  181  15:54  Orbital Command  
  184  16:05  Nuke  
  184  16:07  Liberator x3  
  194  16:27  Terran Ship Weapons Level 1, Terran Vehicle And Ship Armor Level 3  
  193  16:37  Ghost x2  
  193  16:43  Refinery, Ghost  
  193  16:44  Ghost x2  
  193  16:45  Refinery, Marine  
  200  16:55  Liberator x2  
  200  16:56  Nuke  
  200  16:57  Nuke  
  200  16:59  Ghost Academy x2  
  193  17:16  Ghost x3  
  192  17:46  Liberator x2  
  188  17:56  Liberator x2  
  185  18:02  Marine, Ghost x2  
  185  18:03  Marine x2  
  194  18:09  Ghost  
  194  18:10  Marine x2, Ghost  
  192  18:22  Marine, Ghost  
  192  18:23  Marine x3  
  188  18:27  Nuke x5  
  181  18:38  Liberator x2  
  181  18:40  Ghost  
  181  18:41  Marine x7, Ghost  
  175  18:42  Marine x2  
  175  18:43  Marine, Ghost  
  175  18:44  Marine x2  
  188  18:52  Ghost  
  196  18:59  Marine x4  
  196  19:03  Marine x2, Ghost  
  196  19:05  Marine x2, Ghost  
  196  19:06  Marine x2  
  196  19:09  Marine  
  184  19:10  Marine  
  184  19:12  Ghost  
  184  19:16  Marine  
Show
View Real Time Build Order
Export as new Build Order

TSGSolar Zerg 

Build Orders: Hatch First, Brood Lord Corruptor 

Get SALT Encoding   

  12  0:01  Drone  
  13  0:12  Overlord  
  13  0:17  Drone  
  14  0:31  Drone x2  
  16  0:48  Hatchery  
  15  0:51  Drone  
  15  0:54  Drone  
  17  0:58  Drone  
  18  1:09  Extractor  
  17  1:15  Spawning Pool  
  17  1:17  Drone  
  17  1:20  Drone  
  18  1:28  Drone  
  19  1:39  Drone  
  20  1:51  Overlord  
  20  2:02  Zergling x4, Queen x2  
  26  2:11  Drone x2  
  28  2:25  Hatchery  
  28  2:29  Spore Crawler  
  26  2:31  Drone  
  26  2:32  Drone  
  26  2:34  Metabolic Boost  
  26  2:37  Drone  
  30  2:41  Drone  
  31  2:47  Queen  
  33  2:51  Overlord  
  33  2:54  Drone  
  33  2:56  Drone  
  35  3:02  Drone  
  36  3:10  Drone  
  36  3:11  Drone x4  
  41  3:19  Overlord  
  41  3:22  Drone  
  41  3:23  Queen  
  44  3:33  Overlord  
  44  3:36  Queen  
  44  3:38  Drone  
  47  3:42  Zergling x2  
  47  3:43  Drone  
  47  3:44  Zergling x2  
  50  3:49  Drone x2  
  50  3:50  Zergling x4  
  50  3:51  Drone  
  50  3:52  Overlord  
  55  3:56  Drone x2  
  55  3:58  Baneling Nest  
  55  3:59  Drone x2  
  58  4:03  Zergling x4  
  60  4:10  Drone  
  60  4:11  Drone  
  60  4:14  Drone  
  63  4:20  Drone  
  63  4:24  Queen, Lair, Spore Crawler x2  
  62  4:26  Drone x2  
  62  4:29  Extractor  
  62  4:30  Drone, Extractor  
  64  4:33  Drone  
  64  4:34  Drone x2  
  64  4:36  Drone  
  66  4:41  Overlord  
  66  4:42  Drone  
  66  4:45  Drone  
  68  4:46  Drone  
  69  4:53  Zergling x4  
  69  4:56  Drone x3  
  69  4:59  Overlord  
  74  5:03  Overlord  
  74  5:05  Overlord  
  74  5:07  Overlord  
  74  5:09  Overlord  
  74  5:10  Overlord  
  74  5:13  Overlord  
  74  5:18  Drone x4  
  74  5:20  Drone  
  79  5:22  Evolution Chamber, Drone  
  79  5:23  Evolution Chamber, Centrifical Hooks  
  79  5:25  Drone  
  79  5:27  Extractor x2  
  79  5:28  Drone x3  
  79  5:33  Drone x2  
  82  5:36  Drone x4  
  82  5:40  Zergling x2  
  82  5:41  Zergling x4  
  89  5:49  Zerg Ground Armor Level 1  
  89  5:50  Zerg Melee Weapons Level 1  
  89  5:56  Drone  
  89  5:57  Drone x4  
  89  6:02  Hatchery  
  88  6:09  Overlord  
  85  6:12  Drone  
  85  6:13  Zergling x8  
  85  6:17  Drone x2  
  91  6:25  Zergling x8  
  95  6:31  Zergling x4  
  95  6:32  Hydralisk Den  
  95  6:33  Overlord  
  95  6:35  Overseer  
  95  6:38  Drone  
  95  6:39  Zergling x8  
  99  6:43  Baneling x10  
  99  6:44  Baneling  
  99  6:46  Zergling x4  
  101  6:47  Zergling x4  
  103  6:55  Zergling x10  
  103  6:58  Drone  
  109  7:05  Grooved Spines, Drone x2  
  109  7:07  Zergling x2  
  112  7:08  Zergling x2  
  112  7:09  Zergling x2  
  112  7:13  Hydralisk x4  
  112  7:15  Queen  
  122  7:16  Overlord, Drone  
  122  7:17  Hydralisk  
  122  7:20  Baneling x4  
  127  7:24  Zergling x8  
  127  7:26  Zergling x2  
  127  7:28  Overlord  
  127  7:29  Drone  
  133  7:31  Drone  
  133  7:33  Extractor  
  133  7:35  Hydralisk  
  135  7:37  Overlord  
  135  7:41  Hydralisk x3  
  135  7:43  Drone  
  142  7:45  Drone  
  142  7:46  Drone  
  142  7:50  Drone x3  
  147  7:51  Zerg Ground Armor Level 2  
  147  7:53  Overlord  
  147  7:56  Zergling x8  
  151  7:59  Zerg Melee Weapons Level 2  
  151  8:00  Drone  
  151  8:01  Drone  
  154  8:05  Drone  
  154  8:06  Infestation Pit  
  154  8:09  Overlord  
  152  8:13  Hydralisk x3  
  152  8:16  Muscular Augments  
  152  8:17  Drone  
  161  8:20  Drone x2  
  161  8:24  Hydralisk x2  
  161  8:25  Hydralisk  
  166  8:29  Zergling x10  
  166  8:32  Overlord, Pneumatized Carapace  
  168  8:36  Zergling x10  
  168  8:40  Extractor  
  168  8:41  Hatchery  
  171  8:42  Drone  
  172  8:52  Zergling x24  
  177  9:06  Hydralisk x2  
  177  9:09  Zergling x2  
  175  9:12  Hive  
  175  9:13  Spire  
  175  9:15  Zergling x2  
  176  9:18  Overlord x2, Queen, Hatchery  
  176  9:20  Overlord  
  176  9:22  Overlord  
  174  9:25  Zergling x8  
  174  9:28  Queen  
  174  9:29  Zergling x6  
  174  9:30  Overseer  
  174  9:35  Drone x2  
  174  9:36  Zergling x12  
  179  9:40  Hydralisk  
  179  9:41  Hydralisk x3  
  179  9:42  Zergling x2  
  179  9:44  Baneling x2  
  179  9:45  Zergling x4  
  189  9:47  Zergling x4  
  189  9:49  Zergling x2  
  189  9:50  Zergling x4  
  192  10:00  Zergling x6, Drone  
  192  10:01  Spore Crawler  
  198  10:07  Zergling x6  
  198  10:12  Baneling x11  
  198  10:13  Zergling x6  
  197  10:17  Zergling x6  
  199  10:25  Zerg Missile Weapons Level 1, Zerg Ground Armor Level 3  
  199  10:27  Adrenal Glands  
  199  10:28  Greater Spire  
  197  10:48  Viper  
  197  10:49  Drone  
  199  10:53  Drone  
  199  10:54  Spore Crawler  
  199  11:02  Drone  
  199  11:10  Hatchery  
  198  11:14  Drone x2  
  200  11:21  Zergling x6  
  200  11:23  Extractor  
  200  11:24  Zergling x2  
  200  11:25  Zergling x12  
  200  11:30  Drone x2  
  200  11:31  Zergling x4  
  200  11:39  Zergling x4  
  198  11:52  Baneling x20  
  194  11:56  Zergling x4  
  194  11:57  Zergling x6  
  199  12:03  Zerg Flyer Weapons Level 1  
  199  12:11  Corruptor x2  
  199  12:12  Zergling x2  
  200  12:21  Corruptor  
  198  12:27  Zergling x20  
  198  12:28  Zerg Melee Weapons Level 3  
  200  12:31  Zergling x2  
  200  12:33  Viper  
  200  12:35  Zergling x6  
  200  12:40  Zergling x4  
  195  12:52  Zergling x10  
  195  13:04  Brood Lord x3  
  198  13:06  Zergling x4  
  198  13:08  Baneling x17  
  200  13:17  Hatchery  
  200  13:18  Spire  
  200  13:19  Drone  
  199  13:20  Drone, Extractor  
  199  13:26  Pathogen Glands  
  199  13:29  Drone x2, Extractor  
  196  13:36  Zergling x8  
  178  13:56  Corruptor  
  178  13:57  Corruptor x7  
  189  14:26  Spore Crawler, Extractor x2  
  189  14:28  Spore Crawler  
  189  14:30  Brood Lord x8  
  189  14:31  Drone x5  
  194  14:32  Spore Crawler x2  
  194  14:33  Zerg Flyer Weapons Level 2  
  194  14:35  Zergling x28  
  194  14:37  Drone x2  
  194  14:38  Drone  
  198  14:44  Zergling x10  
  198  14:46  Overseer  
  195  14:55  Zergling x12  
  195  14:58  Drone  
  197  15:00  Baneling x7  
  197  15:01  Baneling x4, Drone x3  
  200  15:14  Overseer x2  
  184  15:22  Zergling x34  
  184  15:23  Zergling x16  
  184  15:26  Infestor x3  
  184  15:27  Infestor  
  198  15:32  Zergling x4  
  198  15:33  Overlord  
  198  15:34  Overlord  
  197  15:35  Overlord  
  197  15:37  Overlord  
  197  15:38  Overlord  
  197  15:39  Overlord  
  197  15:41  Overlord  
  188  15:42  Overlord  
  188  15:43  Overlord  
  188  15:47  Zerg Flyer Armor Level 1  
  188  15:51  Overlord, Hatchery  
  188  15:53  Corruptor x3  
  189  16:11  Corruptor  
  186  16:18  Baneling x2  
  192  16:25  Brood Lord x2  
  192  16:26  Spine Crawler, Spore Crawler  
  192  16:27  Zergling x20  
  196  16:43  Drone x3  
  196  16:44  Extractor  
  196  16:45  Brood Lord  
  196  16:46  Drone  
  196  16:47  Drone x2  
  199  16:55  Baneling x3  
  199  16:56  Baneling  
  199  16:57  Drone  
  200  17:07  Overlord x2  
  194  17:09  Overlord  
  194  17:12  Infestor x2  
  194  17:13  Infestor x3  
  190  17:17  Infestor x2  
  190  17:19  Zergling x16  
  195  17:26  Drone  
  195  17:27  Zergling x4, Drone  
  195  17:28  Spore Crawler  
  198  17:32  Overseer x2  
  198  17:33  Overseer  
  198  17:39  Zergling x4  
  198  17:40  Zergling x8  
  198  17:58  Corruptor x7  
  193  18:09  Corruptor  
  193  18:10  Corruptor x3  
  187  18:22  Corruptor x3  
  187  18:25  Zergling x14  
  187  18:26  Zergling x2  
  180  18:45  Brood Lord x3  
  180  18:47  Zergling x18  
  176  19:03  Corruptor x5  
  176  19:05  Zergling x18  
  176  19:08  Zergling x4  
  168  19:12  Zergling x6  
  168  19:15  Zergling x4  
  168  19:16  Zergling x2  
Tags
 
Add a new tag
Caveats
  • Supply blocks, unpowered buildings, or Contaminate may cause inaccurate times.
  • Supply counts are checked every 10 seconds.